 Dungeon Crawl Stone Soup version 0.31-a0-149-g3fdcc5976a (webtiles) character file.

Game seed: 12875297341852680327

739 qw the Skirmisher (level 7, -8/53 (61) HPs)
             Began as a Minotaur Hunter on June 7, 2023.
             Mangled by a wight
             ... wielding a +0 battleaxe
              (10 damage)
             ... on level 5 of the Dungeon.
             The game lasted 00:01:45 (4431 turns).

qw the Skirmisher (Minotaur Hunter)                 Turns: 4431, Time: 00:01:46

HP:   -8/53 (61)    AC:  6    Str: 15    XL:     7   Next: 46%
MP:   0/6           EV: 12    Int:  6    God:
Gold: 321           SH:  0    Dex: 16    Spells: 6/6 levels left

rFire   . . .        Y - +0 shortbow (elec)
rCold   . . .        (shield currently unavailable)
rNeg    . . .        e - +0 ring mail
rPois   .            (helmet restricted)
rElec   .            (no cloak)
rCorr   .            g - +0 pair of gloves
SInv    .            (no boots)
Will    .....        f - amulet of guardian spirit
Stlth   +            (no ring)
HPRegen 0.28/turn    (no ring)
MPRegen 0.10/turn

%: guardian spirit
@: about to teleport, heavily drained
A: horns 2, retaliatory headbutt
a: no special abilities


You were on level 5 of the Dungeon.
You visited 2 branches of the dungeon, and saw 6 of its levels.
You also visited: Sewer.

You collected 321 gold pieces.


Innate Abilities, Weirdness & Mutations

You have a pair of horns on your head.
You reflexively headbutt those who attack you in melee.


   Skills:
 - Level 5.0 Fighting
 + Level 8.5 Ranged Weapons
 - Level 2.3 Armour
 - Level 3.4 Dodging
 - Level 0.7 Stealth


You had 6 spell levels left.
You didn't know any spells.
Your spell library was empty.

Inventory:

Hand Weapons
 Y - a +0 shortbow of electrocution (weapon)
Armour
 e - a +0 ring mail (worn)
 g - a +0 pair of gloves (worn)
Jewellery
 f - an amulet of guardian spirit (around neck)
Wands
 c - a wand of digging (7)
Scrolls
 b - a scroll of identify
Potions
 a - a potion of mutation {unknown}
 i - 2 potions of curing
 k - a potion of haste
 l - 2 potions of might

Dungeon Overview and Level Annotations

Branches:
Dungeon (5/15)             Temple (1/1) D:5           Sewer (visited)

Altars:
Ashenzari
Dithmenos
Elyvilon
Fedhas
Hepliaklqana
Makhleb
Ru
Sif Muna
Trog
Vehumet
Wu Jian
Zin
The Shining One


Message History

Enter note:
Enter note:
Enter note:
Enter note:
Enter note:
Enter note:
Enter note:
Enter note: You shoot an arrow.
The arrow hits the wight.
The wight is lightly damaged.
A wight comes into view. It is wielding a +0 battleaxe.
You shoot an arrow. The arrow barely misses the wight.
You shoot an arrow.
The arrow hits the wight but does no damage.
The wight is lightly damaged.
You shoot an arrow. The arrow hits the wight.
The wight is lightly damaged.
You shoot an arrow. The arrow hits the wight.
The wight is moderately damaged.
You shoot an arrow. The arrow hits the wight.
The wight is moderately damaged.
The wight hits you with a +4 falchion!
You feel drained.
You shoot an arrow. The arrow hits the wight.
The wight is heavily damaged.
The wight hits you with a +4 falchion.
You shoot an arrow. The arrow hits the wight.
The wight is almost destroyed.
The wight barely misses you. The wight hits you with a +4 falchion!
The wight hits you with a +0 battleaxe!
You feel drained. The wight hits you with a +4 falchion!
You feel drained.
4430 ||| READING scroll of teleportation.
As you read the scroll of teleportation, it crumbles to dust.
You feel strangely unstable. The wight hits you with a +0 battleaxe.
You feel drained. The wight hits you with a +4 falchion.
You shoot an arrow.
The arrow hits the wight but does no damage.
The wight is almost destroyed.
The wight hits you with a +0 battleaxe!
You die...

#.#......# $..
#..... #>#.###..#
#....#.. #.#.# #..#
# ##.....#
#...###..# .####
##...## ###.....##
.... ##. ###.###
#..# #.# ##...##.#
#.# ###.z......
##.## #))@z...#
#...######.###<.....
##....!..).# #####
###########


You could see 2 wights.

Vanquished Creatures
  A water moccasin (Sewer)
  A phantom (D:5)
  3 wights (D:5)
  A howler monkey (D:4)
  4 hounds
  An orc priest (D:3)
  3 orc wizards
  An adder (D:5)
  2 shadow imps (D:5)
  4 worms
  3 dart slugs
  13 orcs
  6 endoplasms
  8 giant cockroaches
  6 goblins
  7 hobgoblins
  2 jackals (D:5)
  4 kobolds
  7 quokkas
  6 ball pythons
  12 bats
  2 frilled lizards
  6 rats
103 creatures vanquished.

Notes
Turn   | Place    | Note
-------+----------+-------------------------------------------
     0 | D:1      | qw the Minotaur Hunter began the quest for the Orb.
     0 | D:1      | Reached XP level 1. HP: 18/18 MP: 0/0
     0 | D:1      | 0 ||| qw: Version: 0.2-a-117-gc6b5c8b
     0 | D:1      | 0 ||| qw: Game counter: 2677
     0 | D:1      | 0 ||| qw: Always use a shield: true
     0 | D:1      | 0 ||| qw: God list: Okawaru
     0 | D:1      | 0 ||| qw: Allow faded altars: false
     0 | D:1      | 0 ||| qw: Do Orc after D:15 true
     0 | D:1      | 0 ||| qw: Do second Lair branch before Depths: true
     0 | D:1      | 0 ||| qw: Lair rune preference: random
     0 | D:1      | 0 ||| qw: Plans: Normal
     0 | D:1      | 0 ||| PLANNING D:1-11
   284 | D:1      | Reached XP level 2. HP: 25/25 MP: 1/1
   301 | D:1      | Reached skill level 5 in Ranged Weapons
   569 | D:1      | Reached skill level 3 in Fighting
   679 | D:1      | 679 ||| UPGRADING to +0 pair of gloves.
   684 | D:1      | 684 ||| READING scroll labelled OSE ROMAZOARR.
   685 | D:1      | 685 ||| READING scroll labelled GUGAG AWURISAL.
   690 | D:1      | 690 ||| READING scroll labelled LYOKOY GIUT CUICWI.
   691 | D:1      | 691 ||| READING scroll labelled JAMMATRUMUNO.
   692 | D:1      | 692 ||| DRINKING 2 fuming brown potions.
   693 | D:1      | 693 ||| DROPPING scroll of butterflies.
   694 | D:1      | 694 ||| DROPPING potion of degeneration.
   814 | D:2      | Reached XP level 3. HP: 31/31 MP: 2/2
   960 | D:2      | Found a faded altar of an unknown god.
  1358 | D:2      | 1358 ||| UPGRADING to +0 ring mail.
  1368 | D:2      | 1368 ||| DROPPING +0 leather armour.
  1369 | D:2      | 1369 ||| READING scroll labelled FAMAKHOABB.
  1370 | D:2      | 1370 ||| READING scroll labelled LOH FEMOGIORULU.
  1371 | D:2      | 1371 ||| READING scroll labelled PEGAEHOSU.
  1373 | D:2      | 1373 ||| Stepping ~*~*~tactically~*~*~ (cloud).
  1620 | D:3      | 1620 ||| FLEEEEING.
  1621 | D:3      | 1621 ||| FLEEEEING.
  1622 | D:3      | 1622 ||| FLEEEEING.
  1623 | D:3      | 1623 ||| FLEEEEING.
  1624 | D:3      | 1624 ||| FLEEEEING.
  1627 | D:3      | 1627 ||| FLEEEEING.
  1628 | D:3      | 1628 ||| FLEEEEING.
  1629 | D:3      | 1629 ||| STAIRDANCE
  1665 | D:2      | 1665 ||| READING scroll labelled TAWUOQ KESALAR.
  1666 | D:2      | 1666 ||| DRINKING 2 viscous red potions.
  1667 | D:2      | 1667 ||| READING 2 scrolls of identify.
  1667 | D:2      | 1667 ||| IDENTIFYING white potion
  1668 | D:2      | 1668 ||| DROPPING potion of brilliance.
  1672 | D:3      | 1672 ||| STAIRDANCE
  1714 | D:3      | 1714 ||| STAIRDANCE
  1759 | D:3      | Reached skill level 1 in Armour
  1784 | D:3      | Reached skill level 6 in Ranged Weapons
  1784 | D:3      | Reached XP level 4. HP: 28/38 MP: 3/3
  1784 | D:3      | 1784 ||| FLEEEEING.
  1788 | D:3      | 1788 ||| STAIRDANCE
  2164 | D:4      | Reached XP level 5. HP: 46/46 MP: 4/4
  2260 | D:4      | Found a white marble altar of Elyvilon.
  2290 | D:4      | HP: 9/46 [worm (7)]
  2291 | D:4      | 2291 ||| READING 2 scrolls of teleportation.
  2294 | D:4      | 2294 ||| READING scroll of teleportation.
  2520 | D:4      | 2520 ||| READING scroll of brand weapon.
  2520 | D:4      | 2520 ||| BRANDING +0 heavy shortbow.
  2670 | D:4      | Reached skill level 7 in Ranged Weapons
  2670 | D:4      | Reached XP level 6. HP: 46/52 MP: 5/5
  3163 | D:4      | 3163 ||| UPGRADING to amulet of guardian spirit.
  3168 | D:4      | 3168 ||| READING scroll labelled YXESABRUCA.
  3169 | D:4      | 3169 ||| DRINKING 2 murky grey potions.
  3203 | D:4      | 3203 ||| READING 3 scrolls of identify.
  3203 | D:4      | 3203 ||| IDENTIFYING clear potion
  3204 | D:4      | 3204 ||| READING 2 scrolls of identify.
  3204 | D:4      | 3204 ||| IDENTIFYING cyan potion
  3205 | D:4      | 3205 ||| DROPPING potion of lignification.
  3206 | D:4      | 3206 ||| DROPPING potion of invisibility.
  3220 | D:5      | Entered Level 5 of the Dungeon
  3221 | D:5      | 3221 ||| PLANNING SEWER
  3271 | D:5      | 3271 ||| DRINKING 2 potions of curing.
  3271 | D:5      | 3271 ||| (to cure confusion)
  3364 | D:5      | Found a staircase to the Ecumenical Temple.
  3735 | D:5      | Found a glowing drain.
  3737 | D:5      | 3737 ||| DRINKING 3 ruby potions.
  3758 | Sewer    | Entered a sewer
  3790 | Sewer    | Noticed a water moccasin
  3799 | Sewer    | Killed a water moccasin
  3800 | Sewer    | Reached skill level 8 in Ranged Weapons
  3892 | Sewer    | 3892 ||| DRINKING 2 murky coppery potions.
  3893 | Sewer    | 3893 ||| DROPPING potion of enlightenment.
  3914 | D:5      | 3914 ||| PLANNING TEMPLE
  3991 | Temple   | Entered the Ecumenical Temple
  4064 | Temple   | 4064 ||| PLANNING D:1-11
  4109 | D:5      | Reached XP level 7. HP: 37/61 MP: 2/6
  4385 | D:5      | Reached skill level 3 in Dodging
  4429 | D:5      | HP: 10/57 [wight/+4 falchion (9)]
  4430 | D:5      | 4430 ||| READING scroll of teleportation.
  4430 | D:5      | HP: 4/53 [wight/+0 battleaxe (1)]
  4430 | D:5      | HP: 1/53 [wight/+4 falchion (3)]
  4431 | D:5      | Mangled by a wight

Levels and vault maps discovered:
D:1:      saegor_arrival_simple_b, layout_loops_ring, nrook_loot_triangle,
          kennysheep_nondescript, dk_noncrumbling_2
D:2:      wander_river, layout_loops_ring, hellmonk_ecumenical_altar_crossroads
D:3:      layout_basic, hangedman_decor_push
D:4:      layout_basic, elyvilon_altar_1
D:5:      layout_loops_corners, minmay_temple_entry_slanted,
          cheibrodos_sewer_entry_sluice, hellmonk_bongcloud_opening
Temple:   nicolae_temple_hex_pool

Skill      XL: |  1  2  3  4  5  6  7 |
---------------+----------------------+-----
Ranged Weapons | 5 6 7 8 |  8.5
Fighting       | 3 4 5 |  5.0
Armour         | 1 2 |  2.3
Dodging        | 3 |  3.4
Stealth        | |  0.7

Action                     |  1- 3 |  4- 6 |  7- 9 || total
---------------------------+-------+-------+-------++-------
   Fire: Shortbow          |   131 |   167 |    32 ||   330
    Use: Scroll            |     9 |     6 |     1 ||    16
         Potion            |     2 |     4 |       ||     6
 Armour: Leather armour    |    17 |       |       ||    17
         Ring mail         |     9 |    40 |     1 ||    50
  Dodge: Dodged            |    32 |    33 |     4 ||    69

Table legend:
 A = Non-vault XP
 B = Vault XP
 C = Vault XP percentage of total XP
 D = Non-vault monster count
 E = Vault monster count
 F = Vault count percentage of total count
                 A         B        C        D         E       F
            +---------+---------+-------+---------+---------+-------
      Total |     896 |     160 |  15.2 |      93 |      10 |   9.7
            +---------+---------+-------+---------+---------+-------
        D:1 |      32 |       0 |   0.0 |      18 |       0 |   0.0
        D:2 |      50 |       0 |   0.0 |      25 |       0 |   0.0
        D:3 |      93 |       0 |   0.0 |       9 |       0 |   0.0
        D:4 |     219 |       0 |   0.0 |      19 |       0 |   0.0
        D:5 |     502 |       4 |   0.8 |      22 |       2 |   8.3
      Sewer |       0 |     156 | 100.0 |       0 |       8 | 100.0
            +---------+---------+-------+---------+---------+-------
